 Dungeon Crawl Stone Soup version 0.28.0 (webtiles) character file.

Game seed: 8800912468729079649

15668 pkoi the Destroyer (level 11, -3/74 HPs)
             Began as a Demigod Conjurer on Feb 11, 2022.
             Slain by a raiju (8 damage)
             ... on level 2 of the Abyss.
             The game lasted 00:24:29 (19067 turns).

pkoi the Destroyer (Demigod Conjurer)              Turns: 19067, Time: 00:24:30

Health: -3/74      AC:  7    Str:  8    XL:     11   Next: 72%
Magic:  9/24       EV: 16    Int: 38    God:
Gold:   519        SH:  5    Dex: 12    Spells: 2/22 levels left

rFire   + + .      SeeInvis +   t - +1 dagger of the Volcano {protect, *Rage rN+ SInv Stlth+}
rCold   + . .      Faith    .   (no shield)
rNeg    + . .      Spirit   .   c - +2 robe {rF+}
rPois   .          Reflect  +   (no helmet)
rElec   .          Harm     .   v - scarf {rC+ rF+}
rCorr   .          Rampage  .   J - +0 pair of gloves
Will    +....      Rage     20% s - +1 pair of boots
Stlth   +++.......              H - amulet of reflection
HPRegen 0.22/turn               n - +4 ring of evasion
MPRegen 0.19/turn               x - +6 ring of intelligence

@: no status effects
A: high MP 1, forlorn, divine attributes
a: no special abilities


You were on level 2 of the Abyss.
You visited 3 branches of the dungeon, and saw 13 of its levels.
You visited the Abyss 1 time.
You also visited: Volcano.

You collected 519 gold pieces.

Inventory:

Hand Weapons
 q - a +0 trident of protection
 r - a +3 hand axe of electrocution
 t - the +1 dagger of the Volcano (weapon) {protect, *Rage rN+ SInv Stlth+}
   (You found it on level 4 of the Dungeon)

   It grants its wielder temporary protection when it strikes (+7 to AC).
   rN:        It protects you from negative energy.
   SInv:      It lets you see invisible.
   *Rage:     It berserks you when you make melee attacks (+20% chance).
   Stlth:     It makes you more stealthy.
Missiles
 z - 6 throwing nets
Armour
 c - a +2 robe of fire resistance (worn)
 s - a +1 pair of boots (worn)
 v - a scarf of resistance (worn)
 J - a +0 pair of gloves (worn)
 L - +0 steam dragon scales
Jewellery
 n - a +4 ring of evasion (left hand)
 x - a +6 ring of intelligence (right hand)
 H - an amulet of reflection (around neck)
Wands
 a - a wand of charming (4)
 e - a wand of polymorph (4)
 m - a wand of digging (4)
 u - a wand of flame (38)
 y - a wand of acid (11)
 D - a wand of iceblast (17)
Scrolls
 b - 2 scrolls of teleportation
 d - a scroll of fear
 j - a scroll of fog
 w - a scroll of enchant weapon
 A - a scroll of holy word
Potions
 g - a potion of resistance
 k - a potion of heal wounds
 l - 3 potions of haste
 o - a potion of brilliance
 C - a potion of ambrosia
 F - 2 potions of magic
 G - a potion of invisibility
 K - 2 potions of flight


   Skills:
 - Level 1.7 Dodging
 - Level 1.7 Stealth
 - Level 6.0 Spellcasting
 + Level 11.3 Conjurations
 + Level 7.0 Translocations
 + Level 7.9 Ice Magic
 + Level 7.9 Air Magic


You had 2 spell levels left.
You knew the following spells:

 Your Spells              Type           Power      Damage    Failure   Level
a - Magic Dart            Conj           100%       1d8       1%          1
b - Searing Ray           Conj           100%       2d8       1%          2
c - Iskenderun's Mystic   Conj/Tloc      69%        2d14      1%          4
d - Freezing Cloud        Conj/Ice/Air   34%        6-21      1%          5
e - Passage of Golubria   Tloc           60%        N/A       1%          4
f - Airstrike             Air            32%        N/A       1%          4

Your spell library contained the following spells:

 Spells                   Type           Power      Damage    Failure   Level
 Shock                    Conj/Air       100%       1d9       1%          1
 Pain                     Necr           44%        1d6       3%          1
 Slow                     Hex            44%        N/A       3%          1
 Dazzling Flash           Conj/Hex       100%       N/A       1%          3
 Frozen Ramparts          Ice            100%       1d12      1%          3
 Swiftness                Air            64%        N/A       1%          3
 Portal Projectile        Hex/Tloc       76%        N/A       2%          3
 Fulminant Prism          Conj/Hex       26%        3d14      3%          4
 Ice Form                 Ice/Tmut       41%        N/A       6%          4
 Summon Ice Beast         Ice/Summ       41%        N/A       6%          4
 Call Canine Familiar     Summ           11%        N/A       9%          3
 Confusing Touch          Hex            11%        N/A       9%          3
 Vampiric Draining        Necr           11%        2d6       9%          3
 Silence                  Hex/Air        20%        N/A       17%         5
 Leda's Liquefaction      Hex/Erth       5%         N/A       30%         4
 Agony                    Necr           11%        N/A       63%         5
 Excruciating Wounds      Necr           5%         N/A       63%         5
 Simulacrum               Ice/Necr       20%        N/A       67%         6
 Lehudib's Crystal Spear  Conj/Erth      26%        10d7      100%        8
 Polar Vortex             Ice            32%        N/A       100%        9


Dungeon Overview and Level Annotations

Branches:
Dungeon (11/15)            Temple (1/1) D:4            Lair (1/6) D:10
    Orc (0/2) D:11        Volcano (visited)

Shops:
D:1 *

Annotations:
D:4 2 transporters
D:8 Erica
D:9 3 runed translucent doors


Innate Abilities, Weirdness & Mutations

You have an increased reservoir of magic. (+10% MP)
You shall have no god before yourself.
Your divine heritage dramatically boosts your attributes as you level up.


Message History

Aiming: Searing Ray (safe; 1% risk of failure)
Press: ? - help, Shift-Dir - straight line, f - raiju
Aim: a raiju (wandering, hasn't noticed you, 74% to hit)
The searing ray hits the raiju.
The raiju is lightly wounded.
The raiju barks! (Press . to maintain the ray.)
You hear a bark! x2
The searing ray misses the raiju.
The raiju bites you!
* * * LOW HITPOINT WARNING * * *
The raiju shocks you!
* * * LOW HITPOINT WARNING * * *
The searing ray hits the raiju!
The raiju is moderately wounded.
The raiju bites you.
* * * LOW HITPOINT WARNING * * *
The raiju shocks you!
* * * LOW HITPOINT WARNING * * *
Unknown command.
The searing ray hits the raiju.
The raiju is heavily wounded.
You finish channelling your searing ray.
The raiju closely misses you.
Unknown command.
Casting: Searing Ray (safe; 1% risk of failure)
Confirm with . or Enter, or press ? or * to list all spells.
Aiming: Searing Ray (safe; 1% risk of failure)
Press: ? - help, Shift-Dir - straight line, f/p - raiju
Aim: a raiju (heavily wounded, 74% to hit)
The searing ray hits the raiju.
The raiju is severely wounded. (Press . to maintain the ray.)
The raiju bites you.
* * * LOW HITPOINT WARNING * * *
The raiju shocks you!
* * * LOW HITPOINT WARNING * * *
The searing ray hits the raiju!
The raiju is almost dead.
The raiju bites you!
You die... #. .. #. #. #. #. #.## #h@# #.### .. #. #

You could see a raiju.

Vanquished Creatures
  A hydra (Lair:1)
  Harold (D:9)
  A two-headed ogre (D:11)
  4 wizards (Volcano)
  An ugly thing (D:9)
  A deep elf pyromancer (D:8)
  3 toenail golems (Volcano)
  2 centaur zombies (D:10)
  Maurice (D:8)
  A cane toad (Lair:1)
  Maggie (D:9)
  An unseen horror (D:11)
  Psyche (D:8)
  A komodo dragon (Lair:1)
  An ancient zyme (Abyss:2)
  2 trolls
  A meliai zombie (D:10)
  A small abomination (Abyss:2)
  13 yaks
  2 steam dragons (D:9)
  2 water moccasins
  A hornet zombie (D:8)
  8 orc warriors
  3 necrophages
  4 black bears
  2 ogres (D:4)
  3 centaurs
  6 wolves (Lair:1)
  A phantom (D:5)
  5 bullfrogs
  6 scorpions
  6 killer bees
  5 wights (D:8)
  3 howler monkeys (D:10)
  2 quasits (Abyss:2)
  2 hounds
  2 bullfrog zombies
  8 orc priests
  2 jellies (D:4)
  2 gnoll shamans
  A centaur skeleton (D:6)
  6 iguanas
  9 orc wizards
  2 hound zombies (D:5)
  A howler monkey zombie (D:9)
  5 adders
  12 gnolls
  2 shadow imps
  An ufetubus (D:4)
  2 worms
  47 orcs
  8 endoplasms
  2 giant cockroaches
  5 goblins
  4 hobgoblins
  4 jackals (D:2)
  4 quokkas
  9 ball pythons
  3 bats (D:2)
  3 frilled lizards
  11 kobolds
  3 rats
257 creatures vanquished.

Vanquished Creatures (others)
  12 fungi
  21 plants
33 creatures vanquished.

Grand Total: 290 creatures vanquished

Notes
Turn   | Place    | Note
-------+----------+-------------------------------------------
     0 | D:1      | pkoi the Demigod Conjurer began the quest for the Orb.
     0 | D:1      | Reached XP level 1. HP: 14/14 MP: 5/5
   348 | D:1      | Reached skill level 4 in Conjurations
   435 | D:1      | Reached XP level 2. HP: 20/20 MP: 5/7
   779 | D:1      | Found Rytypn's General Store.
  1277 | D:2      | Learned a level 2 spell: Searing Ray
  1628 | D:2      | Reached XP level 3. HP: 26/26 MP: 5/8
  2466 | D:3      | Reached skill level 5 in Conjurations
  2601 | D:3      | Reached XP level 4. HP: 33/33 MP: 6/9
  3065 | D:3      | Reached skill level 6 in Conjurations
  3065 | D:3      | Reached XP level 5. HP: 13/38 MP: 0/10
  3983 | D:4      | Identified the +1 dagger of the Volcano {protect, *Rage rN+
                  | SInv Stlth+}
  4028 | D:4      | Reached XP level 6. HP: 36/45 MP: 5/12
  4087 | D:4      | Learned a level 4 spell: Iskenderun's Mystic Blast
  4245 | D:4      | Found a staircase to the Ecumenical Temple.
  4256 | D:4      | Reached skill level 7 in Conjurations
  4551 | D:4      | Reached XP level 7. HP: 50/50 MP: 11/15
  4733 | Temple   | Entered the Ecumenical Temple
  5560 | D:4      | Found a transporter.
  5565 | D:4      | Found a transporter.
  5876 | D:4      | Reached skill level 1 in Translocations
  6195 | D:4      | Learned a level 5 spell: Freezing Cloud
  6206 | D:5      | Entered Level 5 of the Dungeon
  6327 | D:5      | Reached skill level 8 in Conjurations
  6468 | D:5      | Reached skill level 1 in Air Magic
  6533 | D:5      | Reached skill level 1 in Ice Magic
  6605 | D:5      | Reached XP level 8. HP: 54/57 MP: 9/17
  8878 | D:6      | You fall into a shaft and drop 2 floors!
  9378 | D:8      | Noticed Erica
  9401 | D:8      | HP: 2/57 [poisoned by Erica (bolt of poison)]
  9718 | D:8      | Noticed a deep elf pyromancer
  9721 | D:8      | Killed a deep elf pyromancer
  9722 | D:8      | Reached XP level 9. HP: 62/62 MP: 11/20
 10035 | D:8      | Noticed Psyche
 10042 | D:8      | Killed Psyche
 10043 | D:8      | Reached skill level 5 in Spellcasting
 10043 | D:8      | Reached skill level 9 in Conjurations
 12627 | D:8      | Noticed Maurice
 12632 | D:8      | Killed Maurice
 13094 | D:9      | Noticed Maggie
 13098 | D:9      | Killed Maggie
 13099 | D:9      | Reached skill level 5 in Translocations
 13438 | D:9      | Noticed a brown ugly thing
 13445 | D:9      | Killed a brown ugly thing
 13446 | D:9      | Reached XP level 10. HP: 69/69 MP: 9/22
 13784 | D:9      | Found a runed translucent gate.
 13784 | D:9      | Found a runed translucent gate.
 13786 | D:9      | Found a runed translucent gate.
 13786 | D:9      | Noticed a purple ugly thing
 13841 | D:9      | Noticed a glowing orange brain
 13842 | D:9      | Noticed a green ugly thing
 13843 | D:9      | Noticed a red ugly thing
 13844 | D:9      | Noticed a cyan ugly thing
 14008 | D:9      | Noticed Harold
 14015 | D:9      | Killed Harold
 14016 | D:9      | Reached skill level 5 in Ice Magic
 14016 | D:9      | Reached skill level 5 in Air Magic
 14911 | D:9      | Reached skill level 10 in Conjurations
 15461 | D:10     | Entered Level 10 of the Dungeon
 15585 | D:9      | Learned a level 4 spell: Passage of Golubria
 16537 | D:10     | Found a staircase to the Lair.
 17187 | D:11     | Noticed a two-headed ogre
 17195 | D:11     | Killed a two-headed ogre
 17196 | D:11     | Reached XP level 11. HP: 74/74 MP: 14/24
 17672 | D:11     | Learned a level 4 spell: Airstrike
 17763 | D:11     | Found a staircase to the Orcish Mines.
 17774 | D:11     | Noticed an orc knight
 17774 | D:11     | Noticed an orc knight
 18055 | Lair:1   | Entered Level 1 of the Lair of Beasts
 18084 | Lair:1   | Noticed an eight-headed hydra
 18099 | Lair:1   | Killed an eight-headed hydra
 18396 | Lair:1   | Reached skill level 11 in Conjurations
 18453 | Lair:1   | Found a dark tunnel.
 18489 | Volcano  | Entered a volcano
 18491 | Volcano  | Noticed a wizard
 18495 | Volcano  | Killed a wizard
 18646 | Volcano  | Noticed a wizard
 18652 | Volcano  | Killed a wizard
 18739 | Volcano  | Noticed a wizard
 18747 | Volcano  | Killed a wizard
 18800 | Volcano  | Noticed a wizard
 18801 | Volcano  | Noticed a wizard
 18806 | Volcano  | Killed a wizard
 18813 | Volcano  | Cast into level 2 of the Abyss (a wizard)
 18992 | Abyss:2  | Noticed a wretched star
 19002 | Abyss:2  | Noticed a hell hog
 19067 | Abyss:2  | Slain by a raiju

Illustrated notes

Levels and vault maps discovered:
D:1:      eino_arrival_water_cross, layout_basic, serial_shops, shop,
          minmay_tromino_v4_b
D:2:      layout_loops_ring, lemuel_flame_loot_1
D:3:      layout_basic, lexackson_kobold_supper
D:4:      gammafunk_wand_slinger, layout_basic, trog_ov_bears_minmay,
          minmay_temple_entry_sparse_star
D:5:      layout_basic, serial_rivers, chequers_serial_rivers_large_a,
          chequers_serial_rivers_micro_e, chequers_serial_rivers_small_b,
          chequers_serial_rivers_marsh, chequers_serial_rivers_room_a
D:6:      layout_cave_pools
D:7:      layout_basic
D:8:      layout_loops_corners, guppyfry_early_elven_hall, uniq_erica,
          uniq_maurice, uniq_psyche
D:9:      wad_crossroads, layout_loops_cross,
          ploomutoo_gammafunk_ghost_potion_laboratory,
          kennysheep_generic_room_10, uniq_maggie, uniq_harold
D:10:     layout_small_grid, grunt_lair_entry_orc_guard_hut,
          nicolae_figureground_sparkle
D:11:     layout_loops_ring, david_orc_5
Temple:   mainiacjoe_temple_trianglar_array
Lair:1:   layout_long_grid, nicolae_volcano_entry_two_sided,
          nicolae_lair_grove_arrangements, chequers_serial_rivers_room_a
Abyss:2:  base:
D:5
Volcano:  volcano_bunker

Skill      XL: |  1  2  3  4  5  6  7  8  9 10 11 |
---------------+----------------------------------+-----
Conjurations   | 4 5 6 7 8 9 10 11 | 11.3
Spellcasting   | 2 3 4 5 6 |  6.0
Translocations | 2 3 5 7 |  7.0
Air Magic      | 1 3 4 6 7 |  7.9
Ice Magic      | 1 3 4 6 7 |  7.9
Dodging        | |  1.7
Stealth        | |  1.7

Action                   |  1- 3 |  4- 6 |  7- 9 | 10-12 || total
-------------------------+-------+-------+-------+-------++-------
Melee: Club              |    12 |     4 |       |       ||    16
       Hand axe          |       |       |     9 |       ||     9
       Dagger            |       |       |     1 |    14 ||    15
 Fire: Hand crossbow     |     5 |       |       |       ||     5
 Cast: Magic Dart        |    79 |    35 |    99 |    28 ||   241
       Searing Ray       |     2 |    13 |    57 |    43 ||   115
       Iskenderun's Myst |       |       |     6 |     6 ||    12
       Freezing Cloud    |       |       |     9 |    41 ||    50
  Use: Scroll            |       |     1 |    14 |     2 ||    17
       Potion            |       |       |     5 |     5 ||    10
Armor: Robe              |     1 |     1 |    11 |     5 ||    18
       Steam dragon scal |       |       |       |    23 ||    23
Dodge: Dodged            |    19 |    13 |    82 |    75 ||   189
Block: Other             |       |       |       |    28 ||    28
       Reflection        |       |       |       |     3 ||     3
